AoeStats
← adrienzk

Arena

510712010Analyzed
4v4 RM · 17h ago on Oct 2, 2026· 42m 33s· 8 players
Game mode
Random Map
Map size
Large (8 player)
Population
200
Speed
Normal
Resources
Standard
Victory
Conquest
Starting age
Dark Age
Ending age
Imperial Age
RankedLock teamsTeams togetherTeam positionsShared explorationLock speedFull tech treeHidden civsTurbo modeCheats
Victory
Defeat
🇵🇪 Mongols · Peru
1082
+16
🇲🇽 Spanish · Mexico
1081
+16
🇲🇽 Bohemians · Mexico
1080
+16
🇫🇷 Saxons · France
1060
+17
🇷🇺 Mapuche · Russia
1116
-19
🇨🇳 Wu · China
1107
-17
🇨🇳 Vietnamese · China
1054
-15
🇺🇸 Huns · United States
1030
-14
LG_Parzival
13:10 Feudal Age
13:13 Loom
14:49 Double-Bit Axe
17:18 Castle Age
15:12 Horse Collar
18:59 Wheelbarrow
19:35 Forging
19:18 Fletching
19:59 Bow Saw
22:08 Fervor
26:46 Chemistry
25:58 Crossbowman
32:11 Imperial Age
32:21 Imperial Age
30:11 Hand Cart
31:31 Heavy Plow
33:45 Conscription
34:24 Husbandry
34:39 Padded Archer Armor
34:42 Man-at-Arms
34:45 Pikeman
35:35 Halberdier
36:16 Squires
38:06 Iron Casting
37:32 Scale Mail Armor
39:22 Two-Man Saw
40:28 Blast Furnace
39:43 Chain Mail Armor
40:26 Caravan
41:03 Fortified Wall
40:58 Siege Engineers
41:24 Town Watch
41:53 Masonry
adrienzk
10:21 Feudal Age
10:54 Feudal Age
10:44 Loom
14:46 Castle Age
12:53 Horse Collar
14:18 Double-Bit Axe
22:40 Scale Mail Armor
25:01 Forging
30:30 Wheelbarrow
31:52 Iron Casting
32:08 Chain Mail Armor
32:48 Fletching
35:38 Imperial Age
35:27 Arson
35:42 Squires
36:07 Bow Saw
35:53 Capped Ram
38:30 Plate Mail Armor
40:00 Two-Man Saw
38:40 Siege Ram
39:47 Hand Cart
38:55 Elite Hearth Troop
39:56 Conscription
LG_Mr.Konnik
4:39 Loom
10:51 Feudal Age
11:22 Double-Bit Axe
13:15 Loom
16:28 Castle Age
15:18 Stone Mining
18:21 Bow Saw
23:08 Sanctity
32:05 Bow Saw
31:49 Horse Collar
36:15 Imperial Age
36:07 Wheelbarrow
36:03 Bloodlines
35:54 Husbandry
36:34 Forging
36:31 Scale Barding Armor
39:37 Iron Casting
41:43 Blast Furnace
41:04 Chain Barding Armor
40:17 Cavalier
42:14 Hand Cart
DSLG | Shamer
10:25 Feudal Age
15:28 Castle Age
14:09 Double-Bit Axe
16:49 Loom
18:18 Wheelbarrow
18:00 Bow Saw
22:18 Hand Cart
22:04 Horse Collar
26:14 Caravan
26:56 Stone Mining
29:20 Husbandry
29:30 Bloodlines
29:49 Heavy Plow
30:28 Thumb Ring
30:36 Fortified Wall
31:50 Padded Archer Armor
31:40 Fletching
35:44 Imperial Age
35:01 Ballistics
35:24 Stone Shaft Mining
34:44 Gold Mining
36:46 Conscription
35:48 Elite Mangudai
36:49 Drill
36:31 Bodkin Arrow
36:01 Capped Ram
37:31 Parthian Tactics
38:18 Chemistry
38:11 Leather Archer Armor
38:05 Bracer
38:10 Nomads
38:03 Siege Ram
39:23 Siege Engineers
40:37 Heavy Cavalry Archer
41:04 Elite Steppe Lancer
41:45 Town Watch
梁志超他奶
10:15 Feudal Age
15:09 Castle Age
13:19 Horse Collar
13:47 Double-Bit Axe
14:16 Gold Mining
16:59 Heavy Plow
17:26 Bow Saw
17:19 Stone Mining
20:04 Heavy Plow
21:21 Stone Shaft Mining
21:24 Squires
22:57 Forging
24:43 Gold Shaft Mining
24:30 Loom
26:09 Fletching
27:19 Bodkin Arrow
28:33 Padded Archer Armor
29:15 Wheelbarrow
32:49 Imperial Age
30:44 Treadmill Crane
30:59 Arson
31:38 Leather Archer Armor
31:51 Red Cliffs Tactics
32:18 Ballistics
34:59 Chemistry
34:22 Conscription
34:24 Hand Cart
34:25 Hand Cart
35:00 Masonry
35:53 Two-Man Saw
36:40 Elite Skirmisher
37:45 Bracer
37:29 Elite Fire Archer
39:07 Sitting Tiger
38:32 Imperial Skirmisher
Sonhero1
1:48 Loom
11:05 Feudal Age
15:52 Castle Age
13:58 Horse Collar
15:38 Double-Bit Axe
18:42 Heavy Plow
21:03 Bow Saw
22:17 Wheelbarrow
23:31 Gold Mining
23:31 Stone Mining
25:10 Hand Cart
24:58 Stone Mining
27:18 Town Watch
29:43 Gold Shaft Mining
31:17 Bloodlines
32:11 Forging
32:07 Scale Barding Armor
32:02 Scale Mail Armor
35:04 Imperial Age
32:58 Ballistics
33:20 Husbandry
33:24 Caravan
34:28 Chain Barding Armor
34:43 Iron Casting
34:16 Marauders
35:56 Chain Mail Armor
35:59 Pikeman
36:39 Squires
37:43 Conscription
38:12 Plate Barding Armor
38:37 Blast Furnace
39:48 Guilds
39:32 Man-at-Arms
41:21 Two-Man Saw
xxxx
8:18 Feudal Age
14:45 Castle Age
13:02 Double-Bit Axe
13:21 Horse Collar
16:09 Bow Saw
20:36 Heavy Plow
22:26 Wheelbarrow
23:44 Loom
24:34 Gold Mining
26:16 Fletching
27:38 Bodkin Arrow
27:43 Padded Archer Armor
28:11 Hand Cart
30:31 Gold Shaft Mining
29:17 Pikeman
34:39 Imperial Age
31:55 Town Watch
32:05 Stone Mining
32:14 Elite Skirmisher
34:55 Elite Bolas Rider
35:40 Town Patrol
35:59 Leather Archer Armor
35:54 Forging
35:22 Pikeman
35:23 Imperial Skirmisher
36:33 Crop Rotation
36:57 Conscription
37:18 Stone Shaft Mining
36:52 Halberdier
36:54 Imperial Skirmisher
42:04 Iron Casting
41:59 Ring Archer Armor
41:30 Scale Mail Armor
力口
11:02 Feudal Age
15:07 Castle Age
13:39 Double-Bit Axe
13:46 Horse Collar
21:09 Bow Saw
24:34 Stone Mining
28:44 Fletching
Connection lost

Rejoining the realm…

Still unreachable

The connection could not be restored.

Session expired

The server has moved on; the page needs a fresh start.